Cogmind - Beta 15 @@@ ROGUE MODE // 2025.05.16 @ 16:00:36 Player: Natsuram Result: Destroyed by 5P-V0M(R) with Subdweller Machine Gun Performance ------------- Evolutions (0) 0 Regions Visited (2) 400 Robots Destroyed (7) 35 Value Destroyed (185) 185 Prototype IDs (0) 0 Alien Tech Used (0) 0 Bonus (-10) -10 TOTAL SCORE: 610 Bonus ------- Friendly Fire -10 Cogmind --------- Core Integrity 0/250 Matter 281/300 Energy 250/250 System Corruption 3% Temperature Cool (0) Movement Core (450) Ox8 Location -10/Subcaves Parts ------- > --- POWER (1) -------- Ion Engine > --- PROPULSION (2) --- (None) > --- UTILITY (2) ------ Scrap Shield > --- WEAPON (2) ------- Small Laser Assault Rifle > --- INVENTORY (5) ---- Light Ion Engine Heat Sink Improved Heat Sink Scrap Shield Fragment (46) Peak State ------------ > --- POWER ------------ Ion Engine > --- PROPULSION ------- Aluminum Leg Aluminum Leg > --- UTILITY ---------- Heat Sink Large Storage Unit > --- WEAPON ----------- Assault Rifle Grenade Launcher > --- INVENTORY -------- Ion Engine Light Ion Engine Aluminum Leg [Rating: 7] Favorites ----------- Power Ion Engine Engine Ion Engine Propulsion Aluminum Leg Leg Aluminum Leg Utility Large Storage Unit Device Heat Sink Storage Large Storage Unit Protection Scrap Shield Weapon Assault Rifle Energy Gun EM Pulse Gun Ballistic Gun Assault Rifle Launcher Grenade Launcher Build | -11 -10 -10 ------- Run | Yrd Mat Sub Slots Evolved . | . . . Power . | . . . Propulsion . | . . . Utility . | . . . Weapon . | . . . Parts Attached 15 | 6 8 1 Power 3 | 1 2 . Engine 3 | 1 2 . Core . | . . . Reactor . | . . . Propulsion 3 | 2 1 . Treads . | . . . Leg 3 | 2 1 . Wheel . | . . . Hover . | . . . Flight . | . . . Utility 4 | 1 2 1 Device 1 | . 1 . Storage 2 | 1 1 . Processor . | . . . Hackware . | . . . Protection 1 | . . 1 Artifact . | . . . Weapon 5 | 2 3 . Energy Gun 3 | 2 1 . Energy Cannon . | . . . Ballistic Gun 1 | . 1 . Ballistic Cannon . | . . . Launcher 1 | . 1 . Special Weapon . | . . . Impact Weapon . | . . . Slashing Weapon . | . . . Piercing Weapon . | . . . Special Melee Weapon . | . . . Unidentified Prototypes . | . . . Parts Lost 7 | 1 4 2 Power 1 | . 1 . Propulsion 3 | . 1 2 Utility . | . . . Weapon 3 | 1 2 . Highest Loss Streak 3 | 1 3 2 To Critical Strikes . | . . . Average Backups 2 | 1 3 3 Power 1 | . 1 1 Propulsion . | . . . Utility 1 | . . 2 Weapon . | . . . Tool/Special . | . . . Unused Backups 1 | . . 1 Power 1 | . . 1 Propulsion . | . . . Utility . | . . . Weapon . | . . . Tool/Special . | . . . Average Slot Usage (%) 72 | . 74 71 Engine 13 | . 12 14 Leg 21 | . 27 14 Device 1 | . 3 . Storage 11 | . 14 8 Protection 2 | . . 5 Energy Gun 11 | . 9 14 Ballistic Gun 9 | . 5 14 Peak Build Rating 7 | 6 7 7 Average Rating 5 | 4 5 6 On Entrance 3 | . 5 6 Naked Turns . | . . . Heaviest Build 28 | 14 28 28 Greatest Support 20 | 20 20 20 Greatest Overweight (x) 9 | 4 2 9 Average Overweight (x) 1 | . . 2 Largest Inventory Capacity 15 | 8 15 15 Average Capacity 11 | 7 14 10 Most Carried 5 | 3 5 5 Average Carried 3 | 1 3 4 Final Capacity 15 | 8 15 5 Final Carried 4 | 3 3 4 Class Distribution -------------------- 100% | Mutant Dominant Class ---------------- Mutant | -10/Materials Mutant | -10/Subcaves Resources | -11 -10 -10 ----------- Run | Yrd Mat Sub Matter Collected 390 | 255 44 91 Remotely . | . . . Salvage Created 221 | 104 87 30 Parts 13 | 4 6 3 Haulers Intercepted . | . . . Recyclers Shooed . | . . . Parts Field Recycled . | . . . Retrieved Matter . | . . . Parts Self-Destructed . | . . . Prevented . | . . . Kills | -11 -10 -10 ------- Run | Yrd Mat Sub Combat Hostiles Destroyed 4 | . 3 1 Guns 3 | . 2 1 AOE 1 | . 1 . Classes Destroyed 4 | 2 1 1 Tunneler 2 | 2 . . Recycler 1 | 1 . . Grunt 3 | . 3 . Subdweller 1 | . . 1 Best Kill Streak 3 | 3 2 1 Combat Bots Only 2 | . 2 1 Max Kills in Single Turn 1 | 1 1 1 Gunslinging . | . . . Exploded 1 | . 1 . Melee . | . . . Uniques/NPCs Destroyed . | . . . Combat | -11 -10 -10 -------- Run | Yrd Mat Sub Hostile Shots Fired 51 | . 35 16 Missed 9 | . 6 3 Hits 42 | . 29 13 Projectile 42 | . 29 13 AOE 1 | . . 1 Critical Strikes 1 | . . 1 Damage Taken 1102 | 314 421 367 Core 267 | 81 93 93 Absorbed by Shields . | . . . Core Remaining (%) 67 | 67 . . Volleys Fired 31 | 9 17 5 Largest 2 | 2 2 2 Hottest 90 | 90 50 60 Shots Fired 43 | 13 20 10 Gun 39 | 13 16 10 Cannon . | . . . Launcher 4 | . 4 . Special . | . . . Kinetic 12 | . 7 5 Thermal 9 | 4 . 5 Explosive 4 | . 4 . Electromagnetic 18 | 9 9 . Robot Hit Streak 7 | 5 7 6 Robot Miss Streak 2 | 2 1 1 Penetration Max . | . . . Secondary Targets 1 | . . 1 Max Gunslinging Chain 1 | . . 1 Shots Hit Robots 29 | 10 11 8 Core Hits 18 | 3 11 4 Critical Kills . | . . . Critical Parts Destroyed . | . . . Critical Strikes . | . . . Melee Attacks . | . . . Impact . | . . . Slashing . | . . . Piercing . | . . . Sneak Attacks . | . . . Combat Hostiles . | . . . Follow-up Attacks . | . . . Damage Inflicted 567 | 201 265 101 Guns 335 | 107 127 101 Cannons . | . . . Explosions 232 | 94 138 . Melee . | . . . Ramming . | . . . Kinetic 108 | . 49 59 Thermal 161 | 119 . 42 Explosive 138 | . 138 . Electromagnetic 160 | 82 78 . Impact . | . . . Slashing . | . . . Piercing . | . . . Highest Corruption 3 | 3 3 3 Average Corruption 3 | 3 3 3 Corruption Purged . | . . . Corruption Blocked . | . . . Effects 5 | . 4 1 Message Errors 1 | . . 1 Matter Fused 1 | . 1 . Heat Flow Errors 1 | . 1 . Energy Discharges 1 | . 1 . Weapon Failures 1 | . 1 . Overload Shots . | . . . Overflow Damage 4 | . 4 . Projectiles . | . . . Explosions 4 | . 4 . Melee . | . . . Knockbacks . | . . . Impact . | . . . Kinetic . | . . . Secondary . | . . . Self-Inflicted Damage 80 | 55 25 . Shots 3 | 2 1 . Rammed . | . . . Targets Rammed . | . . . Kicked . | . . . Crushed . | . . . Highest Temperature 209 | 84 209 . Average Temperature 60 | 47 73 . Received Heat Transfer 264 | . 219 45 Siege Activations . | . . . Martial Activations . | . . . Shielding Activations . | . . . Robots Disrupted . | . . . Combat Hostiles . | . . . Robots Corrupted . | . . . Combat Hostiles . | . . . Parts Fried . | . . . Impact Corruptions . | . . . Robots Melted . | . . . Combat Hostiles . | . . . Parts Melted . | . . . Heat Transferred 324 | 224 . 100 Parts Sabotaged . | . . . Parts Stolen . | . . . Parts Stripped . | . . . Power Chain Reactions 2 | 2 . . Alert | -11 -10 -10 ------- Run | Yrd Mat Sub Maximum Alert Level . | . . . Low Security (%) 100 | 100 100 . Level 1 . | . . . Level 2 . | . . . Level 3 . | . . . Level 4 . | . . . Level 5 . | . . . High Security . | . . . Max Security . | . . . Peak Influence 51 | 5 51 . Initial . | . . . Average 8 | 1 12 . Influence Increases 143 | 15 128 . Destroy 0b10 Robot/C 60 | . 60 . Destroy 0b10 Robot/NC 15 | 15 . . Destroy Leader 20 | . 20 . Successful Hack 7 | . 7 . Disable Machine 15 | . 15 . Destroy Structure 26 | . 26 . Influence Decreases 143 | 15 87 41 Entered New Map 21 | . . 21 Time Decay 77 | 10 47 20 Lost Part 45 | 5 40 . Squads Dispatched 1 | . 1 . Investigation 1 | . 1 . Extermination . | . . . Reinforcement . | . . . Assault . | . . . Garrison . | . . . Intercept . | . . . Searches Triggered . | . . . Construction Impeded . | . . . Haulers Reinforced . | . . . Active Scanning Responses . | . . . Cargo Convoy Interrupts . | . . . Stealth | -11 -10 -10 --------- Run | Yrd Mat Sub Distress Signals . | . . . Communications Jammed . | . . . Distress Signals . | . . . Times Spotted 15 | . 4 11 Peak Tracking Total 6 | . 2 6 Tactical Retreats . | . . . Traps | -11 -10 -10 ------- Run | Yrd Mat Sub Traps Triggered . | . . . Indirectly . | . . . Trap Hack Attempts . | . . . Triggered . | . . . Disarmed . | . . . Reprogrammed . | . . . Reused . | . . . Traps Extracted . | . . . Installed . | . . . Triggered . | . . . Machines | -11 -10 -10 ---------- Run | Yrd Mat Sub Machines Disabled 1 | . 1 . Max in Single Turn 1 | . 1 . Machines Repaired . | . . . Machines Dismantled . | . . . Machines Sabotaged . | . . . Overloaded Fab Kills . | . . . Hacking | -11 -10 -10 --------- Run | Yrd Mat Sub Machines Accessed 1 | . 1 . Terminals 1 | . 1 . Fabricators . | . . . Repair Stations . | . . . Recycling Units . | . . . Scanalyzers . | . . . Garrison Access . | . . . Total Hacks 4 | . 4 . Successful 2 | . 2 . Failed 2 | . 2 . Catastrophic 1 | . 1 . Database Lockouts . | . . . Manual 3 | . 3 . Terminals 4 | . 4 . Fabricators . | . . . Repair Stations . | . . . Recycling Units . | . . . Scanalyzers . | . . . Garrison Access . | . . . Terminal Hacks 2 | . 2 . Record 2 | . 2 . Fabricator Hacks . | . . . Repair Station Hacks . | . . . Recycling Unit Hacks . | . . . Scanalyzer . | . . . Garrison Access Hacks . | . . . Unauthorized Hacks . | . . . Terminals . | . . . Fabricators . | . . . Repair Stations . | . . . Recycling Units . | . . . Scanalyzers . | . . . Garrison Access . | . . . Data Cores Recovered . | . . . Used . | . . . Hacking Detections 1 | . 1 . Full Trace Events 1 | . 1 . Feedback Events . | . . . Feedback Blocked . | . . . Robot Schematics Acquired . | . . . Robots Built . | . . . Authchips . | . . . Time . | . . . Total Robot Build Rating . | . . . Part Schematics Acquired . | . . . Parts Built . | . . . Authchips . | . . . Time . | . . . Total Part Build Rating . | . . . Parts Repaired . | . . . Time . | . . . Parts Recycled . | . . . Recycled Matter . | . . . Retrieved Matter . | . . . Retrieved Components . | . . . Parts Scanalyzed . | . . . Part Schematics Acquired . | . . . Parts Damaged . | . . . Bothacking | -11 -10 -10 ------------ Run | Yrd Mat Sub Used RIF Installer . | . . . Robots Hacked . | . . . Non-combat . | . . . Combat . | . . . Robot Hacks Applied . | . . . Relay Couplers Released . | . . . Fabnet Peak Effective % . | . . . Robots Rewired . | . . . Allies Hacked . | . . . Hacks Repelled . | . . . Allies | -11 -10 -10 -------- Run | Yrd Mat Sub Total Allies . | . . . Largest Group . | . . . Highest-Rated Group . | . . . Highest-Rated Ally . | . . . Total Orders . | . . . Ally Attacks . | . . . Total Damage . | . . . Kills . | . . . Allies Corrupted . | . . . Allies Melted . | . . . Intel | -11 -10 -10 ------- Run | Yrd Mat Sub Active Infowar (turns) . | . . . Robot Analysis Total . | . . . Derelict Logs Recovered . | . . . Drone Launches . | . . . Drone Recoveries . | . . . Exploration | -11 -10 -10 ------------- Run | Yrd Mat Sub Turns Passed 430 | 97 177 156 Spaces Moved 172 | 48 71 53 Core 25 | 12 . 13 Treads . | . . . Legs 147 | 36 71 40 Wheels . | . . . Hover . | . . . Flight . | . . . Fastest Speed 50 | 50 120 190 Average Speed 189 | 132 175 258 Slowest Speed 500 | 250 260 500 Overloaded Moves . | . . . Propulsion Burnouts . | . . . Robots Hopped . | . . . Potential Cave-ins . | . . . Cave-ins Triggered 1 | 1 . . Exploration Rate (%) 6 | 4 8 6 Regions Visited 2 Branch Regions 1 Pre-discovered Areas . | . . . Known Exits Taken . | . . . Unknown Exits Taken 2 | 1 1 . Scrap Searched . | . . . Spaces Dug . | . . . Terrain Destroyed 28 | 4 24 . Melee . | . . . Projectile . | . . . AOE 28 | 4 24 . Terrain Rammed . | . . . Walls Destroyed . | . . . Machines Disabled . | . . . Actions | -11 -10 -10 --------- Run | Yrd Mat Sub Total 230 | 65 103 62 Wait . | . . . Move 170 | 47 70 53 Hop . | . . . Pick Up 7 | 3 2 2 Fast Attach 10 | 6 4 . Attach 5 | . 4 1 Detach 3 | . 3 . Swap 1 | . 1 . Drop 3 | . 2 1 Fire 31 | 9 17 5 Melee . | . . . Ram . | . . . Kick . | . . . Crush . | . . . Escape Stasis . | . . . Rewire . | . . . Trap . | . . . Miscellaneous . | . . . Route ------- -11/Scrapyard -10/Materials -10/Subcaves History --------- Turn | Location | Event 2 | -11/Scrapyard | Met Revision 17 10 | -11/Scrapyard | Discovered new exit (range 16) 67 | -11/Scrapyard | Crushed by falling debris 98 | -11/Scrapyard | Entered Materials 229 | -10/Materials | Core integrity fell below 50% 234 | -10/Materials | Discovered new exit (range 10) 271 | -10/Materials | Lost 3 parts (1p1n1w) 275 | -10/Materials | Entered Subcaves 276 | -10/Subcaves | Approached by a straggling Scientist 302 | -10/Subcaves | Build established: Mutant 416 | -10/Subcaves | Ambushed by swarm of Subdwellers 422 | -10/Subcaves | Core integrity fell below 20% 431 | -10/Subcaves | Destroyed by 5P-V0M(R) with Subdweller Machine Gun Last Messages --------------- Machinery. 00418_ Penetrated by HV Slug. 00418_ Critical hit (Destroy). 00418_ Knocked back. 00419_ KT-KY5(R) emerges from the Twisted Machinery. 00419_ Acquired 50 matter. 00421_ 5P-V0M(R) emerges from the Twisted Machinery. 00421_ KL-IT2(R) destroyed. 00422_ Subatomizers dissect the Disposable Heat Sink. 00423_ 18-VRF(R) destroyed. 00423_ RS-7K2(h) destroyed. 00424_ JH-S9I(R) destroyed. BK-1GZ(c): "I think it's somewhere north of here" 00428_ KT-KY5(R) destroyed. 00428_ Switching to secondary target: LW-WKM(R). 00430_ LW-WKM(R) suffers critical hit (Burn). Map ----- +----------------------------------------------------+ | ?????????????????????????????????????????????????? | | ?????????????????????????????????????????????????? | | ?????????????????????????????????????????????????? | | ?????????????????????????????????????????????????? | | ?????????????????????????????????????????????????? | | ????????????????????????????????????????????? ??# | | ????????????????????????????????????????????# # | | ???????????????????????????????????????????## | | ??????????????????????????????????????????## | | ??????????????????????????????????????????? | | ???????????????????????????????????????????# | | ????????????????????????????????????????????# % | | ?????????????????????????????????????????????# % | | ?????????????????????????????????????????##???# | | ?????????????????????????????????????????# #???# | | ?????????????????????????????????????????# #?## | | ????????????????????????????????????????## ## | | ????????????????????????????????????????# | | ???????????????????????????????????????## | | ?????????????????????????????????????### | | ?????????????????? ??##?????????????# % | | ?????????????????? ## ####??????###?? ## | | ??????????????????? " ""#??????# ###?????## | | ??????????????????? ""!"#####??# "#####??# | | ??????????????????????#""*#!""####! ## #### | | ??????????????????????#%&@%!%#" "" | | ??????????????????# "##!&=&R&!;=& %## | | ???????????????????# ]!%!!%*[ &%& ; = #### | | ???????????????????# %R%!*=[! !; ###??# | | ??????????????????#" R;; # #????? | | ??????????????????#### ####;;;### #;; %#????? | | ?????????????????????###???#####?# ##?### #????? | | ?????????????????????????????????###????#####????? | | ?????????????????????????????????????????????????? | | ?????????????????????????????????????????????????? | | ?????????????????????????????????????????????????? | | ?????????????????????????????????????????????????? | | ?????????????????????????????????????????????????? | | ?????????????????????????????????????????????????? | | ?????????????????????????????????????????????????? | | ?????????????????????????????????????????????????? | | ?????????????????????????????????????????????????? | | ?????????????????????????????????????????????????? | | ?????????????????????????????????????????????????? | | ?????????????????????????????????????????????????? | | ?????????????????????????????????????????????????? | | ?????????????????????????????????????????????????? | | | | | | | +----------------------------------------------------+ Best States ------------- Heat Dissipation 35 Energy Generation 10 Energy Capacity 250 Matter Stores 300 Matter Capacity 300 Sight Range 16 Terrain Scan Density 10 Armor Coverage 800 Evasion (%) 55 Item Schematics ----------------- None Robot Schematics ------------------ None Fabricated ------------ Nothing Repaired ---------- Nothing Alien Tech Used ----------------- None Achievements -------------- None Challenges ------------ None Game ------ Seed TrackerRapidRay Manual? 0 Play Time 00:09:31 Cumulative 4.0 hours Start 2025.05.12 @ 23:24:31 End 2025.05.16 @ 16:00:36 Sessions 2 Manual Loads 0 Difficulty Rogue Special Mode None Game No. 4 Rogue 3 Adventurer 1 Explorer 0 Win Type - Total 0 Types 0/0/0/0/0/0/0/0/0/0 Lore% 5 Gallery% 5 Achievement% 9 Wizard Run 0 Options --------- Layout 1 ASCII 0 Keyboard 1 Movement Numpad Keybinds 0 Fullscreen 1 Font 24/Smallcaps Map View 50x35 Zoom Use 0% Tactical HUD 1 Map Filters NONE Filters NONE Steam 1 RUN: 807ac579-0715-4ff6-a83b-dffbe5628f41